 Dungeon Crawl Stone Soup version 0.29-a0-369-gd956c00756 (webtiles) character file.

Game seed: 6589491632688691470

24 lesaewzxc the Skirmisher (level 2, -2/24 HPs)
             Began as a Mummy Cinder Acolyte on May 1, 2022.
             Was a High Priest of Ignis.
             Slain by an endoplasm (3 damage)
             ... on level 2 of the Dungeon.
             The game lasted 00:05:37 (923 turns).

lesaewzxc the Skirmisher (Mummy Cinder Acolyte)      Turns: 923, Time: 00:05:38

Health: -2/24      AC:  2    Str: 17    XL:     2   Next: 79%
Magic:  5/5        EV: 11    Int: 13    God:    Ignis [*****.]
Gold:   60         SH:  0    Dex:  7    Spells: 5/5 levels left

rFire   . . .      SeeInvis .   a - -1 falchion (flame)
rCold   + . .      Faith    .   (no shield)
rNeg    + + +      Spirit   .   b - +0 robe
rPois   ∞          Reflect  .   (no helmet)
rElec   .          Harm     .   (no cloak)
rCorr   .          Rampage  .   (no gloves)
Will    .....                   (no boots)
Stlth   +.........              (no amulet)
HPRegen 0.08/turn               (no ring)
MPRegen 0.09/turn               (no ring)

@: no status effects
A: cold resistance 1, negative energy resistance 3, torment resistance 2, heat
vulnerability 1, no potions
a: Renounce Religion, Fiery Armour, Foxfire Swarm, Rising Flame


You were on level 2 of the Dungeon.
You worshipped Ignis.
Ignis was extremely pleased with you.
You visited 1 branch of the dungeon, and saw 2 of its levels.

You collected 60 gold pieces.

Inventory:

Hand Weapons
 a - a -1 falchion of flaming (weapon)
Armour
 b - a +0 robe (worn)
Scrolls
 c - a scroll of identify
 d - a scroll of enchant armour {unknown}


   Skills:
 * Level 3.0 Fighting
 * Level 0.8(1.8) Short Blades
 + Level 2.4(2.5) Long Blades
 * Level 0.5 Armour
 * Level 0.2 Dodging
 * Level 0.3 Shields
 * Level 2.0 Spellcasting
 + Level 0.2 Necromancy
 + Level 2.4 Fire Magic


You had 5 spell levels left.
You didn't know any spells.
Your spell library contained the following spells:

 Spells                   Type           Power      Damage    Failure   Level
 Scorch                   Fire           14%        2d5       14%         2
 Ignite Poison            Fire/Tmut/Pois 3%         N/A       47%         3
 Mephitic Cloud           Conj/Pois/Air  1%         N/A       58%         3
 Freezing Cloud           Conj/Ice/Air   0%         6-21      100%        5


Dungeon Overview and Level Annotations

Branches:
Dungeon (2/15)

Altars:

Shops:
D:2 =


Innate Abilities, Weirdness & Mutations

You are immune to poison.
Your flesh is cold resistant. (rC+)
You are immune to negative energy. (rN+++)
You are immune to unholy pain and torment.
You are vulnerable to heat. (rF-)
You do not drink.


Message History

You closely miss the adder. The adder bites you.
You hit the adder. You burn the adder.
The adder is almost dead.
The adder bites you. The adder barely misses you.
You hit the adder but do no damage.
The adder is almost dead.
The adder bites you. The adder closely misses you.
You hit the adder. You burn the adder.
You kill the adder!
You see here an adder corpse.
You now have 60 gold pieces (gained 11).
An endoplasm comes into view.
The endoplasm quivers.
The endoplasm hits you but does no damage.
The endoplasm closely misses you. The endoplasm hits you.
The endoplasm hits you. The endoplasm freezes you.
You are frozen.
You resist. The endoplasm freezes you.
You are frozen.
You resist. The endoplasm freezes you.
You are frozen.
You resist. The endoplasm freezes you.
You are frozen.
You resist.
* * * LOW HITPOINT WARNING * * *
The endoplasm freezes you.
You are frozen.
You resist.
* * * LOW HITPOINT WARNING * * *
The endoplasm hits you.
* * * LOW HITPOINT WARNING * * *
The endoplasm misses you. The endoplasm freezes you.
You are frozen.
You resist.
* * * LOW HITPOINT WARNING * * *
The endoplasm freezes you.
You are frozen.
You resist.
* * * LOW HITPOINT WARNING * * *
The endoplasm hits you.
You die...

#..# ..........# #..#
#.#..##....
#..####.#..#...##
.................
#..........#...# ##
#...###†#.## ##.# #
........##.#####.##.#
##..#######.##..J...#
....# ##.#..@...#
##### ##.†.....#
##.....## #...∩.#
....### #.##.# #. #.#
.. ..# .. ##


You could see an endoplasm.

Vanquished Creatures
  An adder (D:2)
  A dart slug (D:1)
  A ball python (D:1)
  2 giant cockroaches (D:1)
  A hobgoblin (D:2)
  A kobold (D:1)
  2 frilled lizards (D:1)
  6 rats (D:1)
15 creatures vanquished.

Vanquished Creatures (others)
  A fungus (D:1)
1 creature vanquished.

Grand Total: 16 creatures vanquished

Notes
Turn   | Place    | Note
-------+----------+-------------------------------------------
     0 | D:1      | lesaewzxc the Mummy Cinder Acolyte began the quest for the
                  | Orb.
     0 | D:1      | Reached XP level 1. HP: 18/18 MP: 2/2
   307 | D:1      | Reached XP level 2. HP: 15/24 MP: 4/4
   841 | D:2      | Found Binef's Jewellery Shoppe.
   922 | D:2      | HP: 1/24 [frozen (2)]
   923 | D:2      | Slain by an endoplasm

Illustrated notes

Levels and vault maps discovered:
D:1:      dpeg_arrival_prison, layout_basic
D:2:      layout_loops_ring, shapermc_ecumenical_altar_mp_vishouse,
          serial_shops, shop

Skill      XL: |  1  2 |
---------------+-------+-----
Spellcasting   | 2 |  2.0
Fighting       | |  3.0
Short Blades   | |  0.8
Long Blades    | |  2.4
Armour         | |  0.5
Dodging        | |  0.2
Shields        | |  0.3
Necromancy     | |  0.2
Fire Magic     | |  2.4

Action                   || total
-------------------------++-------
Melee: Falchion          ||    50
       Punch             ||     1
Invok: Fiery Armour      ||     1
  Use: Scroll            ||     3
Armor: Robe              ||    12
Dodge: Dodged            ||    31

Table legend: (Time is in decaauts)
 A = Elapsed time spent in this place.
 B = Non-inter-level travel time spent in this place.
 C = Inter-level travel time spent in this place.
 D = Time resting spent in this place.
 E = Time spent auto-exploring this place.
 F = Levels seen in this place.
 G = Mean time per level.
                   A        B        C        D        E       F      G
               +--------+--------+--------+--------+--------+-----+--------+
         Total |    931 |    930 |      1 |      0 |    150 |   2 |  465.5 |
       Dungeon |    931 |    930 |      1 |      0 |    150 |   2 |  465.5 |
               +--------+--------+--------+--------+--------+-----+--------+

Top non-repeatable levels by time:
     D:1: 592 daAuts
     D:2: 339 daAuts
